 Dungeon Crawl Stone Soup version 0.26.0-10-g1f06aea511 (webtiles) character file.

Game seed: 12036290347720789107

67 Dracia the Ducker (level 3, -1/28 HPs)
             Began as a Demonspawn Gladiator on Jan 13, 2021.
             Slain by an ice beast (3 damage)
             ... on level 4 of the Dungeon.
             The game lasted 00:01:58 (1957 turns).

Dracia the Ducker (Demonspawn Gladiator)            Turns: 1957, Time: 00:01:59

Health: -1/28      AC: 10    Str: 15    XL:     3   Next: 98%
Magic:  3/3        EV:  7    Int:  9    God:
Gold:   73         SH:  0    Dex: 14    Spells: 2/2 levels left

rFire    + . .     SeeInvis .   a - +0 rapier
rCold    . . .     Faith    .   (no shield)
rNeg     . . .     Spirit   .   k - +0 chain mail
rPois    .         Reflect  .   c - +0 helmet
rElec    .         Harm     .   (no cloak)
rCorr    .         Rampage  .   p - +0 pair of gloves
Will     .....                  (no boots)
Stlth    ..........             (no amulet)
HPRegen  0.09/turn              (no ring)
MPRegen  0.08/turn              (no ring)

@: no status effects
A: fire resistance 1
a: no special abilities


You were on level 4 of the Dungeon.
You visited 1 branch of the dungeon, and saw 3 of its levels.

You collected 73 gold pieces.


Innate Abilities, Weirdness & Mutations

Your flesh is heat resistant. (rF+)


   Skills:
 + Level 2.9 Fighting
 - Level 2.6 Short Blades
 - Level 1.7 Throwing
 + Level 1.7 Armour
 + Level 3.3 Dodging


You had 2 spell levels left.
You didn't know any spells.
Your spell library was empty.

Inventory:

Hand Weapons
 a - a +0 rapier (weapon)
Missiles
 d - 3 throwing nets (quivered) {=f=f}
Armour
 b - a +0 leather armour
 c - a +0 helmet (worn)
 j - a +0 scale mail
 k - a +0 chain mail (worn)
 p - a +0 pair of gloves (worn)
Jewellery
 h - an uncursed ring of wizardry {unknown}
Wands
 n - a wand of polymorph (5)
Scrolls
 e - a scroll of identify {unknown}
 f - 2 scrolls of amnesia {unknown}
 i - a scroll of enchant weapon {unknown}
 l - a scroll of fog {unknown}
 q - a scroll of remove curse {unknown}
Potions
 g - 2 potions of brilliance {unknown}
 m - a potion of attraction {unknown}
 o - a potion of curing {unknown}

Dungeon Overview and Level Annotations

Branches:
Dungeon (2/15)

Altars:

#.............#
#.............#
#.............#
#....#####....#
#......#).....#
#......#......#
+..####.#
#......#$.....#
#....@.#......#
#...Y#####?...#
#.... ....#
#.... ...#
#.... ..# #####
###


You could see an ice beast.


Message History

The ice beast hits you.
* * * LOW HITPOINT WARNING * * *
The ice beast freezes you!
* * * LOW HITPOINT WARNING * * *
You closely miss the ice beast.
The ice beast is moderately wounded.
The ice beast barely misses you.
You hit the ice beast.
The ice beast is heavily wounded.
The ice beast hits you but does no damage.
Unknown command.
You closely miss the ice beast.
The ice beast is moderately wounded.
The ice beast barely misses you.
You hit the ice beast.
The ice beast is heavily wounded.
The ice beast hits you but does no damage.
You hit the ice beast but do no damage.
The ice beast is heavily wounded.
The ice beast hits you but does no damage.
You puncture the ice beast!
The ice beast is almost dead.
The ice beast hits you but does no damage.
You closely miss the ice beast.
The ice beast is almost dead.
The ice beast hits you but does no damage.
You hit the ice beast.
The ice beast is almost dead.
The ice beast hits you.
You die...

Skill      XL: |  1  2 |
---------------+-------+-----
Dodging        | 3 |  3.3
Armour         | 1 |  1.7
Fighting       | |  2.9
Short Blades   | |  2.6
Throwing       | |  1.7

Action                   || total
-------------------------++-------
Melee: Rapier            ||   126
 Stab: Sleeping          ||     1
Armor: Leather armour    ||     8
       Scale mail        ||     7
       Chain mail        ||    55
Dodge: Dodged            ||    68

Levels and vault maps discovered:
D:1:      dpeg_arrival_leaves_temple_mockup, layout_basic
D:2:      layout_loops_cross, kennysheep_path_1
D:4:      layout_rooms, kennysheep_generic_room_16, uniq_eustachio, uniq_sigmund

Notes
Turn   | Place    | Note
-------+----------+-------------------------------------------
     0 | D:1      | Dracia the Demonspawn Gladiator began the quest for the
                  | Orb.
     0 | D:1      | Reached XP level 1. HP: 16/16 MP: 1/1
   396 | D:1      | Gained mutation: Your flesh is heat resistant. (rF+)
                  | [demonic ancestry]
   396 | D:1      | Reached XP level 2. HP: 12/22 MP: 2/2
   745 | D:1      | Reached skill level 3 in Dodging
   754 | D:1      | Reached skill level 1 in Armour
  1226 | D:2      | Reached XP level 3. HP: 28/28 MP: 3/3
  1735 | D:2      | You fall into a shaft and drop 2 floors!
  1938 | D:4      | Noticed an ice beast
  1949 | D:4      | HP: 1/28 [ice beast (8)]
  1957 | D:4      | Slain by an ice beast

Vanquished Creatures
  An iguana (D:4)
  An adder (D:2)
  A leopard gecko (D:1)
  3 bats
  4 giant cockroaches
  3 goblins
  2 hobgoblins
  4 jackals (D:1)
  4 frilled lizards
  4 kobolds
  3 rats
30 creatures vanquished.

Table legend: (Time is in decaauts)
 A = Elapsed time spent in this place.
 B = Non-inter-level travel time spent in this place.
 C = Inter-level travel time spent in this place.
 D = Time resting spent in this place.
 E = Time spent auto-exploring this place.
 F = Levels seen in this place.
 G = Mean time per level.
                   A        B        C        D        E       F      G
               +--------+--------+--------+--------+--------+-----+--------+
         Total |   1966 |   1785 |    181 |    156 |   1381 |   3 |  655.3 |
       Dungeon |   1966 |   1785 |    181 |    156 |   1381 |   3 |  655.3 |
               +--------+--------+--------+--------+--------+-----+--------+

Top non-repeatable levels by time:
     D:1: 1204 daAuts
     D:2: 538 daAuts
     D:4: 223 daAuts

Table legend:
 A = Non-vault XP
 B = Vault XP
 C = Vault XP percentage of total XP
 D = Non-vault monster count
 E = Vault monster count
 F = Vault count percentage of total count
                 A         B        C        D         E       F
            +---------+---------+-------+---------+---------+-------
      Total |      60 |      36 |  37.5 |      29 |       1 |   3.3
            +---------+---------+-------+---------+---------+-------
        D:1 |      32 |       0 |   0.0 |      18 |       0 |   0.0
        D:2 |      28 |       0 |   0.0 |      11 |       0 |   0.0
        D:4 |       0 |      36 | 100.0 |       0 |       1 | 100.0
            +---------+---------+-------+---------+---------+-------
